 Dungeon Crawl Stone Soup version 0.16-b1 (webtiles) character file.

124 McCoppin the Insei (level 4, 0/36 HPs)
             Began as a Demigod Transmuter on Mar 10, 2015.
             Succumbed to an adder's poison
             ... on level 2 of the Dungeon.
             The game lasted 00:07:42 (2934 turns).

McCoppin the Insei (Demigod Transmuter)             Turns: 2934, Time: 00:07:42

Health: 0/36       AC:  2    Str: 15    XL:     4   Next: 52%
Magic:  9/9        EV: 12    Int: 17    God:
Gold:   56         SH:  0    Dex: 16    Spells: 1 memorised, 5 levels left

rFire  . . .     SeeInvis .       - Unarmed
rCold  . . .     Clarity  .     c - +0 robe
rNeg   . . .     SustAb   +     (no shield)
rPois  .         Gourm    .     (no helmet)
rElec  .         Spirit   .     (no cloak)
rCorr  .         Warding  .     (no gloves)
rMut   .         Rnd*Tele +     (no boots)
MR     .....                    (no amulet)
Stlth  ++........               m - ring of teleportation (curse)
                                k - ring of stealth

@: lethally poisoned (0 -> -7), very slightly contaminated, not resistant to
hostile enchantments, unstealthy
A: sustain abilities
a: Evoke Teleportation


You were on level 2 of the Dungeon.
You were hungry.

You visited 1 branch of the dungeon, and saw 2 of its levels.

You collected 56 gold pieces.

Inventory:

Missiles
 b - 35 arrows
Armour
 c - a +0 robe (worn)
 f - a +0 helmet
 l - a cursed +0 plate armour
Jewellery
 k - a ring of stealth (left hand)
 m - a cursed ring of teleportation (right hand)
Magical devices
 n - a wand of enslavement (0)
Scrolls
 e - 2 scrolls of identify
 j - 4 scrolls of teleportation
Books
 d - a book of Changes

   Spells                             Type                      Level
   a - Beastly Appendage              Transmutation                1
   b - Sticks to Snakes               Transmutation                2
   c - Spider Form                    Transmutation/Poison         3
   d - Ice Form                       Ice/Transmutation            4
   e - Blade Hands                    Transmutation                5
Comestibles
 a - a chunk of flesh
 g - a slice of pizza
 h - a royal jelly


   Skills:
 - Level 2.0 Fighting
 - Level 1.7 Dodging
 + Level 4.6 Unarmed Combat
 - Level 1.7 Spellcasting
 - Level 1.7 Transmutations


You had 5 spell levels left.
You knew the following spells:

 Your Spells              Type           Power        Failure   Level  Hunger
a - Beastly Appendage     Trmt           #.....       12%         1    #......


Dungeon Overview and Level Annotations

Branches:
Dungeon (2/15)


Innate Abilities, Weirdness & Mutations

Your attributes are resistant to harm.


Message History

* * * LOW HITPOINT WARNING * * *
Read which item? (? for menu, Esc to quit)
As you read the scroll labeled PROSAJ LUKUHUY, it crumbles to dust.
You hear a loud clanging noise!
It was a scroll of noise.
* * * LOW HITPOINT WARNING * * *
You feel sick. The adder misses you.
You hit the adder.
You kill the adder!
You are feeling hungry.
* * * LOW HITPOINT WARNING * * *
You feel sick.
* * * LOW HITPOINT WARNING * * *
You feel sick.
Use which ability? (? or * to list)
You can't do that.
This spell is slightly dangerous to cast.
Memorise Spider Form, consuming 3 spell levels and leaving 2?
Your memorisation is interrupted.
You die...

#.#.###############.# #.
#...................# #.
###.##........####### ##
#.##.............#
#.##........####.###
#.##........# #...###########
#.##........# ###.......[...#
#.##........###############(..
#.##..).....'@......)..# #...
#.##........##########'####...
#.##........# #.........
#.########### #......... #.#
#......... #.# ####.........
#.# ####.....####... #.#
#.##.##### ##'#
#.#############.##.# #.#


There were no monsters in sight!

Vanquished Creatures
  Jessica (D:2)
  6 adders (D:2)
  A worm (D:2)
  2 bats
  5 giant cockroaches
  6 hobgoblins
  7 kobolds
  A ball python (D:1)
  2 giant newts (D:1)
  8 goblins
  4 jackals (D:2)
  5 rats
48 creatures vanquished.

Notes
Turn   | Place    | Note
--------------------------------------------------------------
     0 | D:1      | McCoppin, the Demigod Transmuter, began the quest for the Orb.
     0 | D:1      | Reached XP level 1. HP: 15/15 MP: 3/3
    20 | D:1      | Reached skill level 1 in Fighting
   593 | D:1      | Reached skill level 3 in Unarmed Combat
   606 | D:1      | Reached XP level 2. HP: 17/23 MP: 4/4
  1312 | D:2      | Reached XP level 3. HP: 13/29 MP: 5/7
  1436 | D:2      | Found a deep blue altar of Sif Muna.
  1783 | D:2      | Found a sacrificial altar of Ru.
  2209 | D:2      | Reached skill level 4 in Unarmed Combat
  2438 | D:2      | Noticed Jessica
  2467 | D:2      | Killed Jessica
  2467 | D:2      | Reached XP level 4. HP: 27/36 MP: 9/9
  2931 | D:2      | HP: 1/36 [poisoned by an adder]
  2934 | D:2      | Succumbed to an adder's poison

Action                   |  1- 3 |  4- 6 || total
-------------------------+-------+-------++-------
Melee: Unarmed           |   177 |    37 ||   214
 Cast: Beastly Appendage |    18 |     1 ||    19
  Use: Scroll            |     3 |     1 ||     4
       Potion            |     2 |       ||     2
 Stab: Sleeping          |     6 |     1 ||     7
  Eat: Chunk             |     1 |     1 ||     2
       Bread ration      |     1 |       ||     1
